 Dungeon Crawl Stone Soup version 0.18.1-50-g88ac8fd (webtiles) character file.

95 RudyRod the Skirmisher (level 4, -3/44 HPs)
             Began as a Naga Fighter on Oct 12, 2016.
             Killed by nerve-wracking pain
             ... invoked by an orc priest
              (11 damage)
             ... on level 3 of the Dungeon.
             The game lasted 00:08:11 (2332 turns).

RudyRod the Skirmisher (Naga Fighter)               Turns: 2332, Time: 00:08:11

Health: -3/44      AC:  6    Str: 19    XL:     4   Next: 65%
Magic:  4/4        EV:  5    Int:  8    God:
Gold:   111        SH:  9    Dex: 11    Spells: 0 memorised, 3 levels left

rFire  . . .     SeeInvis +     a - +0 trident
rCold  . . .     Gourm    .     b - +0 scale mail
rNeg   . . .     Faith    .     c - +0 shield
rPois  +         Spirit   .     (no helmet)
rElec  .         Dismiss  .     (no cloak)
rCorr  .         Reflect  .     h - +0 pair of gloves
SustAt .         Harm     .     (no barding)
MR     .....                    (no amulet)
Stlth  ..........               (no ring)
                                (no ring)

@: very slow, not resistant to hostile enchantments, extremely unstealthy
A: see invisible, deformed body, poison resistance, slowness 2, slow metabolism
1, spit poison 2, AC +1
a: Spit Poison


You were on level 3 of the Dungeon.
You were not hungry.

You visited 1 branch of the dungeon, and saw 3 of its levels.

You collected 111 gold pieces.

Inventory:

Hand Weapons
 a - a +0 trident (weapon)
Armour
 b - a +0 scale mail (worn)
 c - a +0 shield (worn)
 h - a +0 pair of gloves (worn)
Jewellery
 k - an uncursed amulet of rage {unknown}
Scrolls
 i - 2 scrolls of identify {unknown}
 j - a scroll of immolation {unknown}
 l - a scroll of recharging {unknown}
 m - 5 scrolls of remove curse {unknown}
 n - a scroll of magic mapping {unknown}
 o - a scroll of fog {unknown}
 p - 2 scrolls of fear {unknown}
 s - a scroll of amnesia {unknown}
 u - a scroll of blinking {unknown}
 v - a scroll of enchant weapon {unknown}
Potions
 d - a potion of might
 e - 2 potions of degeneration {unknown}
 g - a potion of mutation {unknown}
 q - 2 potions of haste {unknown}
Comestibles
 f - a bread ration
 r - a beef jerky
 t - a slice of pizza
 w - 2 chunks of flesh


   Skills:
 + Level 3.7 Fighting
 + Level 2.4 Polearms
 + Level 3.0 Armour
 * Level 0.4 Dodging
 * Level 1.4 Stealth
 + Level 2.9 Shields


You had 3 spell levels left.
You didn't know any spells.

Dungeon Overview and Level Annotations

Branches:
Dungeon (3/15)

Altars:
Kikubaaqudgha
Ru
Xom


Innate Abilities, Weirdness & Mutations

You cannot wear boots.
Your serpentine skin is tough (AC +1).
You have supernaturally acute eyesight.
Armour fits poorly on your strangely shaped body.
Your system is resistant to poisons.
You cover ground very slowly.
You have a slow metabolism.
You can spit poison.


Message History

You hit the giant gecko zombie.
The giant gecko zombie bites you but does no damage.
You puncture the giant gecko zombie!
You destroy the giant gecko zombie!
Found an escape hatch in the ceiling.
An orc priest comes into view. It is wielding a war axe.
The orc priest shouts!
The orc priest mumbles some strange prayers to Beogh against you.
Beogh smites you!
An adder, an orc and an orc priest come into view.
The orc shouts!
The orc priest shouts!
The orc priest mumbles some strange prayers to Beogh against you.
Beogh smites you!
You see here a scroll labeled ORUASI POESIM.
The orc priest calls down the wrath of Beogh upon you.
Beogh smites you!
* * * LOW HITPOINT WARNING * * *
The orc priest mumbles some strange prayers to Beogh against you.
Pain shoots through your body!
You die...

###...##.# #........###
..... #..........r.# .....
....>......#.########oo...
.................<........
.....................o....
..........................
...........#..............
...####++#####..@.S....#
###########


You could see 2 orc priests, an adder, an orc and a rat.

Vanquished Creatures
  Natasha (D:2)
  An adder (D:2)
  A dart slug (D:1)
  A worm (D:2)
  An orc (D:3)
  13 bats
  4 giant cockroaches
  8 goblins
  4 hobgoblins
  4 jackals (D:1)
  2 ball pythons (D:1)
  A giant gecko zombie (D:3)
  3 giant newts
  5 kobolds (D:1)
  4 rats
53 creatures vanquished.

Notes
Turn   | Place    | Note
--------------------------------------------------------------
     0 | D:1      | RudyRod the Naga Fighter began the quest for the Orb.
     0 | D:1      | Reached XP level 1. HP: 21/21 MP: 1/1
   377 | D:1      | Reached XP level 2. HP: 28/28 MP: 2/2
   628 | D:1      | Reached XP level 3. HP: 24/34 MP: 3/3
  1443 | D:2      | Found an ancient bone altar of Kikubaaqudgha.
  1535 | D:2      | Found a shimmering altar of Xom.
  1535 | D:2      | Found a shimmering altar of Xom.
  1536 | D:2      | Found a shimmering altar of Xom.
  1703 | D:2      | Noticed Natasha
  1710 | D:2      | Killed Natasha
  1710 | D:2      | Reached skill level 1 in Stealth
  1710 | D:2      | Reached XP level 4. HP: 23/44 MP: 4/4
  2288 | D:3      | Found a sacrificial altar of Ru.
  2332 | D:3      | Killed from afar by an orc priest

Skill      XL: |  1  2  3  4 |
---------------+-------------+-----
Stealth        | 1 |  1.4
Armour         | 3 |  3.0
Fighting       | |  3.7
Polearms       | |  2.4
Dodging        | |  0.4
Shields        | |  2.9

Action                   |  1- 3 |  4- 6 || total
-------------------------+-------+-------++-------
Melee: Trident           |    82 |    23 ||   105
 Abil: Spit Poison       |    27 |     3 ||    30
  Eat: Chunk             |     3 |     1 ||     4
       Bread ration      |       |     1 ||     1
Armor: Scale mail        |    39 |    12 ||    51
Dodge: Dodged            |    13 |     3 ||    16
Block: Shield            |    34 |    11 ||    45
